 Dungeon Crawl Stone Soup version 0.31-a0-263-ge8cad7f256 (webtiles) character file.

Game seed: 12408606896782907664

271 qw the Shooter (level 6, 0/51 HPs)
             Began as a Minotaur Hexslinger on July 13, 2023.
             Slain by a gnoll
             ... wielding a +0 spear
              (2 damage)
             ... on level 4 of the Dungeon.
             The game lasted 00:00:50 (2696 turns).

qw the Shooter (Minotaur Hexslinger)                Turns: 2696, Time: 00:00:51

Health: 0/51       AC:  5    Str: 18    XL:     6   Next: 2%
Magic:  6/6        EV: 16    Int: 10    God:
Gold:   161        SH:  0    Dex: 15    Spells: 6/7 levels left

rFire   . . .        k - +2 sling (heavy)
rCold   . . .        (no shield)
rNeg    . . .        h - +0 ring mail
rPois   .            (helmet restricted)
rElec   .            (no cloak)
rCorr   .            (no gloves)
SInv    .            (no boots)
Will    .....        (no amulet)
Stlth   +            d - +6 ring of strength
HPRegen 0.28/turn    i - +5 ring of evasion
MPRegen 0.10/turn

%: no passive effects
@: about to teleport
A: horns 2, retaliatory headbutt
a: no special abilities


You were on level 4 of the Dungeon.
You visited 1 branch of the dungeon, and saw 4 of its levels.

You collected 189 gold pieces.
You spent 28 gold pieces at shops.


Innate Abilities, Weirdness & Mutations

You have a pair of horns on your head.
You reflexively headbutt those who attack you in melee.


   Skills:
 - Level 3.4 Fighting
 - Level 6.1 Ranged Weapons
 + Level 0.9 Armour
 - Level 2.1 Dodging
 - Level 1.0 Spellcasting
 - Level 2.0 Hexes


You had 6 spell levels left.
You knew the following spells:

 Your Spells              Type           Power      Damage    Failure   Level
a - Slow                  Hex            16%        N/A       26%         1

Your spell library contained the following spells:

 Spells                   Type           Power      Damage    Failure   Level
 Inner Flame              Hex/Fire       2%         N/A       77%         3
 Portal Projectile        Hex/Tloc       4%         N/A       77%         3
 Cause Fear               Hex            2%         N/A       95%         4

Inventory:

Hand Weapons
 k - a +2 heavy sling (weapon)
Armour
 h - a +0 ring mail (worn)
Jewellery
 d - a +6 ring of strength (left hand)
 i - a +5 ring of evasion (right hand)
Scrolls
 b - a scroll of enchant armour
 j - a scroll of identify
Potions
 a - a potion of heal wounds
 c - a potion of curing
 g - a potion of degeneration {unknown}

Dungeon Overview and Level Annotations

Branches:
Dungeon (4/15)
 Temple: D:4-7

Altars:
Zin

Shops:
D:3 *

Annotations:
D:3 exclusion: 6 ball pythons


Message History

Enter note:
Enter note:
Enter note: A gnoll comes into view. It is wielding a +0 spear.
The gnoll shouts!
Enter note:
Enter note: You shoot a sling bullet.
The sling bullet closely misses the gnoll.
You hear a shout!
A gnoll comes into view. It is wielding a +0 flail.
The gnoll barely misses you.
You shoot a sling bullet.
The sling bullet barely misses the gnoll.
The gnoll closely misses you. The gnoll misses you.
The gnoll hits you with a +0 spear.
You shoot a sling bullet. The sling bullet hits the gnoll.
The gnoll is lightly wounded.
The gnoll completely misses you. The gnoll hits you with a +0 spear.
The gnoll hits you from afar with a +0 halberd!
You shoot a sling bullet. The sling bullet hits the gnoll.
The gnoll is moderately wounded.
The gnoll completely misses you. The gnoll closely misses you.
The gnoll hits you from afar with a +0 halberd!
The gnoll closely misses you.
You shoot a sling bullet.
The sling bullet barely misses the gnoll.
The gnoll completely misses you. The gnoll closely misses you.
You shoot a sling bullet.
The sling bullet closely misses the gnoll.
The gnoll closely misses you. x2; The gnoll barely misses you.
The gnoll hits you from afar with a +0 spear.
The gnoll closely misses you.
The gnoll hits you from afar with a +0 halberd!
2696 ||| READING scroll of teleportation.
As you read the scroll of teleportation, it crumbles to dust.
You feel strangely unstable. The gnoll hits you with a +0 flail.
The gnoll misses you.
The gnoll hits you from afar with a +0 spear.
You die...

#### ############..
#..##.#..##.#..##.#
#..#.##..#.##..#.##
###....##....##....
#.#.##..#.##..#.##.
#..##.#..##.#..##.
###....##....##....
#..##.#..##.#..##.#
#.@#.##..#.##..#.##
###gg..##....##....
g##..#.##. #.##. .#
.. #.#..##. .. ##.
..##.... ## .#
.##.# .# . .##
##.... #.##.


You could see 3 gnolls.

Vanquished Creatures
  Sigmund (D:3)
  An orc wizard (D:3)
  4 adders
  3 dart slugs
  A worm (D:2)
  2 orcs (D:3)
  6 ball pythons
  3 bats
  2 endoplasms (D:2)
  A giant cockroach (D:2)
  2 goblins (D:3)
  5 hobgoblins
  4 jackals (D:3)
  4 quokkas
  3 frilled lizards (D:1)
  5 kobolds
  2 rats
49 creatures vanquished.

Notes
Turn   | Place    | Note
-------+----------+-------------------------------------------
     0 | D:1      | qw the Minotaur Hexslinger began the quest for the Orb.
     0 | D:1      | Reached XP level 1. HP: 16/16 MP: 1/1
     0 | D:1      | 0 ||| qw: Version: 0.3-a-52-g30416fa
     0 | D:1      | 0 ||| qw: Game counter: 7251
     0 | D:1      | 0 ||| qw: Melee chars always use a shield: true
     0 | D:1      | 0 ||| qw: God list: Okawaru
     0 | D:1      | 0 ||| qw: Allow faded altars: false
     0 | D:1      | 0 ||| qw: Do Orc after clearing Dungeon:15 true
     0 | D:1      | 0 ||| qw: Do second Lair branch before Depths: true
     0 | D:1      | 0 ||| qw: Lair rune preference: random
     0 | D:1      | 0 ||| qw: Goals: Normal
     0 | D:1      | 0 ||| PLANNING D:1-11
   178 | D:1      | Reached skill level 3 in Ranged Weapons
   239 | D:1      | Reached XP level 2. HP: 23/23 MP: 2/2
   697 | D:1      | 697 ||| UPGRADING to +0 leather armour.
   707 | D:1      | 707 ||| DROPPING +0 robe.
   708 | D:1      | 708 ||| UPGRADING to +0 ring mail.
   718 | D:1      | 718 ||| DROPPING +0 leather armour.
   719 | D:1      | 719 ||| READING scroll labelled HEHADA RIRCH.
   724 | D:1      | 724 ||| READING scroll labelled PILABI VAALO.
   825 | D:1      | 825 ||| READING scroll labelled TEXAIKH TUOD.
   826 | D:1      | 826 ||| READING 2 scrolls labelled MIAKLIN DEYLOU.
   827 | D:1      | 827 ||| DROPPING scroll of poison.
  1001 | D:2      | 1001 ||| READING 2 scrolls labelled ULOECZ SAETEY.
  1061 | D:2      | Found a faded altar of an unknown god.
  1161 | D:2      | Reached XP level 3. HP: 29/29 MP: 3/3
  1544 | D:2      | 1544 ||| READING scroll labelled DOTHORCH VIXEMUOMM.
  1545 | D:2      | 1545 ||| READING scroll labelled FYFUNL MUEKIJ.
  1546 | D:2      | 1546 ||| READING scroll labelled LUD JYIPPYIR.
  1625 | D:3      | Reached skill level 4 in Ranged Weapons
  1698 | D:3      | Found Fomuz's General Store.
  1704 | D:3      | 1704 ||| SHOPLISTING +1 cloak of poison resistance (189
                  | gold, have 107).
  1704 | D:3      | 1704 ||| SHOPLISTING potion of cancellation (112 gold, have
                  | 107).
  1704 | D:3      | 1704 ||| BUYING scroll of identify (28 gold).
  1704 | D:3      | Bought a scroll of identify for 28 gold pieces
  1746 | D:3      | 1746 ||| UPGRADING to +6 ring of strength.
  1747 | D:3      | 1747 ||| UPGRADING to +5 ring of evasion.
  1845 | D:3      | Noticed Sigmund
  1855 | D:3      | Killed Sigmund
  1856 | D:3      | Reached skill level 6 in Ranged Weapons
  1856 | D:3      | Reached XP level 4. HP: 24/36 MP: 4/4
  1856 | D:3      | Reached XP level 5. HP: 27/41 MP: 5/5
  2018 | D:3      | Found a glowing silver altar of Zin.
  2401 | D:3      | 2401 ||| Stepping ~*~*~tactically~*~*~ (outnumbered).
  2403 | D:3      | 2403 ||| Stepping ~*~*~tactically~*~*~ (outnumbered).
  2415 | D:3      | Reached skill level 3 in Fighting
  2540 | D:3      | 2540 ||| READING scroll labelled MUNWUUVVAM.
  2541 | D:3      | 2541 ||| READING scroll labelled UCOTZY JAMI.
  2542 | D:3      | 2542 ||| READING scroll labelled PENUDDUPOE.
  2543 | D:3      | 2543 ||| DRINKING 2 fizzy brown potions.
  2544 | D:3      | 2544 ||| READING 3 scrolls of identify.
  2544 | D:3      | 2544 ||| IDENTIFYING blue potion
  2545 | D:3      | 2545 ||| READING 2 scrolls of identify.
  2545 | D:3      | 2545 ||| IDENTIFYING golden potion
  2546 | D:3      | 2546 ||| DROPPING potion of brilliance.
  2625 | D:4      | Reached XP level 6. HP: 51/51 MP: 6/6
  2695 | D:4      | HP: 3/51 [gnoll/+0 halberd (10)]
  2696 | D:4      | 2696 ||| READING scroll of teleportation.
  2696 | D:4      | Slain by a gnoll

Levels and vault maps discovered:
D:1:      sevenhm_arrival_forest_fort_large_2, layout_loops_ring
D:2:      layout_basic, shapermc_ecumenical_altar_gd
D:3:      layout_loops_corners, zin_statuary, serial_shops,
          nicolae_shop_peninsula, minmay_misc_feat_enclosed,
          small_statue_alley_b, uniq_sigmund
D:4:      layout_basic, amcnicky_altar_gilded, serial_aquarium,
          aquarium_bridge_square [aquarium_subvault_bridge,
          aquarium_subvault_window, aquarium_subvault_balcony,
          aquarium_subvault_wall], aquarium_window_fake, aquarium_window_fake,
          aquarium_view_2d, aquarium_view_2d, aquarium_pool_2,
          nicolae_eternal_life, hangedman_decor_lopped

Skill      XL: |  1  2  3  4  5 |
---------------+----------------+-----
Ranged Weapons | 3 6 |  6.1
Fighting       | 2 3 |  3.4
Armour         | |  0.9
Dodging        | |  2.1
Spellcasting   | |  1.0
Hexes          | |  2.0

Action                     |  1- 3 |  4- 6 || total
---------------------------+-------+-------++-------
   Fire: Sling             |    91 |    44 ||   135
    Use: Scroll            |     8 |     6 ||    14
         Potion            |       |     1 ||     1
 Armour: Robe              |     2 |       ||     2
         Ring mail         |     4 |     8 ||    12
  Dodge: Dodged            |    18 |    36 ||    54

Table legend:
 A = Non-vault XP
 B = Vault XP
 C = Vault XP percentage of total XP
 D = Non-vault monster count
 E = Vault monster count
 F = Vault count percentage of total count
                 A         B        C        D         E       F
            +---------+---------+-------+---------+---------+-------
      Total |     174 |     214 |  55.2 |      48 |       1 |   2.0
            +---------+---------+-------+---------+---------+-------
        D:1 |      18 |       0 |   0.0 |      10 |       0 |   0.0
        D:2 |      37 |       0 |   0.0 |      17 |       0 |   0.0
        D:3 |      98 |     214 |  68.6 |      16 |       1 |   5.9
        D:4 |      21 |       0 |   0.0 |       5 |       0 |   0.0
            +---------+---------+-------+---------+---------+-------
